[Event "POR-chT 1st Divison 2018"]
[Site "Maia"]
[Date "2018.07.18"]
[Round "4"]
[White "Iruzubieta Villaluenga, Jesus"]
[Black "Pereira, Ruben"]
[Result "0-1"]
[ECO "B90"]
[WhiteElo "2439"]
[BlackElo "2420"]
[Annotator "NA"]
[PlyCount "84"]
[EventDate "2018.07.16"]
[EventType "team-tourn"]
[EventCountry "POR"]
[SourceTitle "playchess.com"]
[Source "ChessBase"]
[SourceQuality "1"]
[TimeControl "5400+30"]

1. e4 c5 2. Nf3 d6 3. d4 cxd4 4. Nxd4 Nf6 5. Nc3 a6 6. h3 e5 7. Nde2 b5 8. g4 {B90: Sizilianisch (Najdorf-Variante, Abweichungen)} (8. Ng3 Qc7 9. Bd3 g6 10. O-O Bg7 11. Bd2 O-O 12. a4 b4 13. Na2 a5 14. c3 bxc3 15. Nxc3 Be6 {½-½ (40) Svidler,P (2760)-Khismatullin,D (2632) Sochi 2018}) 8... h6 9. Bg2 Nbd7 10. O-O Bb7 11. f4 Be7 12. Ng3 g6 13. Qe2 $146 ({Vorgänger:} 13. Be3 exf4 14. Bxf4 Ne5 15. a4 {0-1 (48) Ganguly,S (2614)-Berg,E (2606) Gibraltar 2009}) 13... Qc7 14. Be3 Nb6 15. fxe5 dxe5 16. Rad1 Nc4 17. Bc1 Rd8 18. Rxd8+ Qxd8 19. Kh2 h5 20. g5 $11 Nd7 21. h4 Nc5 22. Nd5 Ne6 23. Nxe7 Qxe7 24. b3 Na5 25. Rf6 Nc6 26. c3 b4 27. cxb4 Qxb4 28. Qf2 O-O 29. Bf1 Ncd4 30. Bc4 Qe7 31. Be3 Bc8 32. Ne2 Nxe2 33. Qxe2 Kh7 34. Qf2 Kg7 35. Bxe6 fxe6 36. Rxf8 Qxf8 37. Qb2 Qd6 38. Bf4 Kh7 39. Bxe5 Qd3 40. Qf2 Kg8 41. Qf6 Qe2+ 42. Kg3 Qe3+ 0-1

[Event "POR-chT 1st Divison 2018"]
[Site "Maia"]
[Date "2018.07.18"]
[Round "4"]
[White "Vassallo Barroche, Mauricio"]
[Black "Novais, Carlos Joao Fernand"]
[Result "1-0"]
[ECO "D61"]
[WhiteElo "2386"]
[BlackElo "2121"]
[Annotator "NA"]
[PlyCount "59"]
[EventDate "2018.07.16"]
[EventType "team-tourn"]
[EventCountry "POR"]
[SourceTitle "playchess.com"]
[Source "ChessBase"]
[SourceQuality "1"]
[TimeControl "5400+30"]

1. d4 d5 2. c4 e6 3. Nc3 Nf6 4. Bg5 Be7 5. e3 Nbd7 6. Nf3 O-O 7. Qc2 Re8 8. Rd1 c6 9. a3 dxc4 10. Bxc4 h6 11. Bh4 b5 {[%emt 0:02:06] D61: Damengambit (Hauptvariante mit 7.Dc2)} 12. Ba2 Qb6 13. O-O $146 ({Vorgänger:} 13. b4 a5 14. Qb2 axb4 15. axb4 Nf8 16. O-O Nd5 17. Bxe7 Rxe7 18. Bb1 Rea7 19. Rc1 {1-0 (39) Fatalibekova,E (2285)-Kozlovskaya,V (2281) Moscow 2011}) 13... Bb7 14. Bb1 Nf8 15. Bxf6 Bxf6 16. Ne4 Be7 17. Nc5 Bxc5 18. dxc5 Qc7 19. Rd6 e5 20. Qe4 Qe7 21. Rfd1 g6 22. Ba2 Kg7 23. h4 Rac8 24. h5 Rc7 25. hxg6 fxg6 26. Nh4 Qg5 27. Bb1 Re6 28. Rxe6 Nxe6 29. Rd6 Bc8 $18 30. b4 1-0

[Event "POR-chT 1st Divison 2018"]
[Site "Maia"]
[Date "2018.07.18"]
[Round "4"]
[White "Alshameary Puente, Ismael"]
[Black "Lombaers, Peter"]
[Result "0-1"]
[ECO "E54"]
[WhiteElo "2352"]
[BlackElo "2361"]
[Annotator "NA"]
[PlyCount "92"]
[EventDate "2018.07.16"]
[EventType "team-tourn"]
[EventCountry "POR"]
[SourceTitle "playchess.com"]
[Source "ChessBase"]
[SourceQuality "1"]
[TimeControl "5400+30"]

1. d4 Nf6 2. c4 e6 3. Nc3 Bb4 4. e3 O-O 5. Bd3 c5 6. Nf3 d5 7. O-O dxc4 8. Bxc4 cxd4 9. exd4 b6 10. Bg5 Bb7 11. Qe2 Bxc3 12. bxc3 Nbd7 13. Ne5 Rc8 {[%emt 0:00:11] E54: Nimzoindisch (Moderne Variante)} 14. Bb3 Rxc3 15. Rac1 Rxc1 16. Rxc1 {[%emt 0:00:25] [#]} Bd5 $146 ({Vorgänger:} 16... Nxe5 17. dxe5 h6 18. Rd1 Qc7 19. Bxf6 gxf6 20. exf6 Qf4 21. Rd7 Ba8 22. h3 a5 23. Bxe6 fxe6 24. Qxe6+ Kh8 25. Qe7 Qc1+ {½-½ (25) Tomashevsky,E (2696)-Nakamura,H (2786) Moscow 2017}) 17. Ba4 Nxe5 18. dxe5 h6 19. Bh4 Qb8 20. Bc2 $17 (20. Bxf6 $15 gxf6 21. Qg4+ Kh8 22. Qh4 Qxe5 23. Qxh6+ Kg8 24. Bc2) 20... Nd7 21. Qd3 g6 22. Bg3 Rc8 23. Qe3 Rc5 24. Bb1 Qc8 25. Rd1 Kh7 26. h4 Qd8 27. f3 Kg7 28. Qa3 h5 29. Bf2 Rc8 30. Qb4 Rc4 31. Qd2 Nxe5 32. Bd4 f6 33. Bb2 Qc7 34. Qf2 Nf7 35. Bd3 Ra4 36. a3 Qf4 37. Bb5 Ra5 38. Rd4 Qc7 39. Bd3 e5 40. Qg3 Qc5 41. Qxg6+ Kf8 42. Qxf6 exd4 43. Bxd4 Qc1+ 44. Kh2 Qh6 45. Qf5 Qd6+ 46. Kh1 Bb7 0-1

[Event "POR-chT 1st Divison 2018"]
[Site "Maia"]
[Date "2018.07.18"]
[Round "4"]
[White "Reis, Luis Sousa"]
[Black "Turcer, Dusan"]
[Result "1-0"]
[ECO "B23"]
[WhiteElo "2150"]
[BlackElo "2039"]
[Annotator "NA"]
[PlyCount "124"]
[EventDate "2018.07.16"]
[EventType "team-tourn"]
[EventCountry "POR"]
[SourceTitle "playchess.com"]
[Source "ChessBase"]
[SourceQuality "1"]
[TimeControl "5400+30"]

1. e4 c5 2. Nc3 Nc6 3. f4 g6 4. Nf3 Bg7 5. Bb5 d6 6. Bxc6+ bxc6 7. O-O Nf6 8. d3 Bg4 9. Qe1 Bxf3 10. Rxf3 Nd7 11. b3 Rb8 12. Bb2 Qa5 13. e5 dxe5 14. Na4 Qc7 15. Re3 f6 16. fxe5 fxe5 17. Rf3 Bf6 18. Bc3 O-O 19. Qe4 Qd6 20. Re1 Rb4 21. Bxb4 cxb4 22. Kh1 Kg7 23. Nb2 Nb6 24. Nc4 Nxc4 25. Qxc4 a5 26. Qa6 Qc5 27. Qc4 Qd5 28. Rfe3 Rd8 29. Re4 Rd7 30. h3 Rb7 31. Qa6 Qb5 32. Qxb5 cxb5 33. Kg1 Rc7 34. R1e2 Rc5 35. Kf1 h5 36. g3 Kf7 37. Ke1 Kg7 38. Kd1 Kf7 39. h4 Kg7 40. Rh2 Kf7 41. g4 hxg4 42. Rxg4 Rc8 43. Rhg2 Rh8 44. Rxg6 Rxh4 45. Rg8 e4 46. R8g4 exd3 47. Rxh4 dxc2+ 48. Rxc2 Bxh4 49. Rc5 e6 50. Rxb5 Bd8 51. Rb8 Ke7 52. Ke2 Bc7 53. Ra8 Kd6 54. Kd3 Ke5 55. Rc8 Bb6 56. Kc4 Kd6 57. Kb5 Bc7 58. Rxc7 Kxc7 59. Kxa5 Kc6 60. Kxb4 Kd5 61. Kc3 Ke4 62. a4 Kd5 1-0

[Event "POR-chT 1st Divison 2018"]
[Site "Maia"]
[Date "2018.07.18"]
[Round "4"]
[White "Eggert, Alberto"]
[Black "Marchena Hurtado, Javier"]
[Result "0-1"]
[ECO "C77"]
[WhiteElo "2142"]
[BlackElo "2354"]
[Annotator "NA"]
[PlyCount "104"]
[EventDate "2018.07.16"]
[EventType "team-tourn"]
[EventCountry "POR"]
[SourceTitle "playchess.com"]
[Source "ChessBase"]
[SourceQuality "1"]
[TimeControl "5400+30"]

1. e4 e5 2. Nf3 Nc6 3. Bb5 a6 4. Ba4 Nf6 5. d3 b5 6. Bb3 Be7 7. O-O O-O 8. a4 b4 9. a5 {[%emt 0:03:13] C84: Closed Ruy Lopez: Unusual White 6th moves} d6 10. h3 (10. Be3 h6 11. Nbd2 Re8 12. c3 Bf8 13. h3 Rb8 14. Re1 bxc3 15. bxc3 d5 16. Qc2 Be6 {0-1 (50) Grischuk,A (2772)-Ding,L (2777) Riadh 2017}) 10... Be6 11. c3 $146 ({Predecessor:} 11. Bxe6 fxe6 12. Be3 Qe8 13. c3 bxc3 14. bxc3 Nd8 15. Nbd2 Nh5 16. d4 exd4 17. cxd4 {½-½ (37) Heimann,A (2574)-Sinz,B (2386) Karlsruhe 2018}) 11... Rb8 12. Bc4 Bxc4 13. dxc4 Qd7 14. Re1 Qe6 15. Qd3 h6 16. Nbd2 bxc3 17. bxc3 Nd7 18. Qd5 Nd8 19. Ba3 $15 c6 20. Qd3 Nb7 21. Red1 Nbc5 22. Qc2 Rb7 23. Bb4 g6 24. Re1 Kg7 25. Rab1 Rfb8 26. Rbd1 Kg8 27. Re3 Bd8 28. Nf1 Bc7 29. Qe2 Nb3 30. Qa2 c5 31. Qxb3 cxb4 32. Qa4 Nc5 33. Qc6 b3 34. N1d2 b2 35. Ree1 Bxa5 36. Nb1 Rb6 37. Qd5 Qxd5 38. Rxd5 Rc6 39. Red1 Bc7 40. Nfd2 a5 41. f3 a4 42. Na3 Kf8 43. Ndb1 Ke7 44. Nb5 Nb3 45. Nxc7 Rxc7 46. Rxd6 Rxc4 47. Rd7+ Kf8 48. Ra7 Nc5 49. Rd5 Rb3 50. Rd8+ Kg7 51. Rd2 a3 52. Rc2 Ra4 0-1

[Event "POR-chT 1st Divison 2018"]
[Site "Maia"]
[Date "2018.07.18"]
[Round "4"]
[White "Guerreiro, Nuno"]
[Black "Fernandes, Antonio"]
[Result "0-1"]
[ECO "A05"]
[WhiteElo "2050"]
[BlackElo "2403"]
[Annotator "NA"]
[PlyCount "138"]
[EventDate "2018.07.16"]
[EventType "team-tourn"]
[EventCountry "POR"]
[SourceTitle "playchess.com"]
[Source "ChessBase"]
[SourceQuality "1"]
[TimeControl "5400+30"]

1. Nf3 Nf6 2. g3 d5 3. Bg2 Bf5 4. c4 dxc4 5. Na3 c6 6. Nxc4 Nbd7 {[%emt 0:00:03] A09: Réti Opening: 1 Nf3 d5 2 c4} 7. O-O e6 8. d3 Be7 {[%emt 0:00:51] LiveBook: 5 Partien} (8... h6 9. Bd2 Be7 10. Nd4 Bh7 11. Nb3 Nd5 12. Nba5 Qc8 13. e4 N5b6 {½-½ (56) Rozum,I (2606)-Zarubitski,V (2325) Minsk 2017}) 9. Bf4 Nb6 10. Rc1 $146 ({Predecessor:} 10. Na5 Qc8 11. Nd4 Nfd5 12. Nxf5 exf5 13. Be5 O-O 14. e4 fxe4 15. dxe4 {1-0 (38) Bender,I (2285)-Kovacevic,S (2100) Osijek 2015}) 10... Nxc4 11. Rxc4 O-O 12. b4 a5 13. a3 axb4 14. axb4 Nd5 15. Bd2 Nc7 16. h4 f6 17. Nd4 Bg6 18. b5 Bf7 19. bxc6 b5 20. Nxb5 $1 Nxb5 21. Bb4 (21. c7 $15 Nxc7 22. Bxa8 Nxa8 23. Rc6) 21... Nc7 22. Bxe7 $17 Qxe7 23. Qc2 e5 24. Ra4 Rxa4 25. Qxa4 Qc5 26. Rb1 Ra8 27. Qd1 Bd5 28. Rc1 Qd6 29. Bh3 Ra6 30. e4 Be6 31. Bxe6+ Qxe6 32. Qc2 Qd6 33. Qc4+ Kf8 34. Kg2 Rb6 35. h5 Rb4 36. Qc2 Ke7 37. Qd1 Rb8 38. Qg4 Ne6 39. Qf5 h6 40. Qf3 Rc8 41. Qe3 Rxc6 42. Qa7+ Rc7 43. Rxc7+ Qxc7 44. Qa3+ Qd6 45. Qa7+ Kf8 46. Qa8+ Kf7 47. Qb7+ Kf8 48. Qc8+ Nd8 49. Qc4 Qd4 50. Qb3 Ke7 51. Qa3+ Kf7 52. Qb3+ Ne6 53. Qb7+ Kg8 54. Qc8+ Nd8 55. Qc2 Kh7 56. Qb3 Qd7 57. Qc4 Ne6 58. Qc3 Qd6 59. Qc8 Nf8 60. Qe8 Kg8 61. Qb5 Qd7 62. Qb3+ Qf7 63. Qd1 Ne6 64. Qc2 Qxh5 65. Qc8+ Nf8 66. Qd8 Qf7 67. Qa5 Qd7 68. Qa6 Ne6 69. Qb5 Qxb5 0-1

[Event "POR-chT 1st Divison 2018"]
[Site "Maia"]
[Date "2018.07.19"]
[Round "5"]
[White "Padeiro, Jose"]
[Black "Guerreiro, Nuno"]
[Result "0-1"]
[ECO "B23"]
[WhiteElo "2284"]
[BlackElo "2050"]
[Annotator "RC"]
[PlyCount "68"]
[EventDate "2018.07.16"]
[EventType "team-tourn"]
[EventCountry "POR"]
[SourceTitle "playchess.com"]
[Source "ChessBase"]
[SourceQuality "1"]
[TimeControl "5400+30"]

1. e4 c5 2. Nc3 g6 3. d4 cxd4 4. Qxd4 Nf6 5. Bb5 Nc6 6. Bxc6 bxc6 7. e5 Nh5 8. Nf3 Ng7 9. O-O Ne6 10. Qh4 h6 11. Ne4 Bg7 12. Re1 Rb8 13. b3 d5 14. exd6 exd6 15. Qg3 O-O 16. Ba3 c5 17. Nxd6 Bxa1 18. Rxa1 Rb6 19. Nc4 Ra6 20. Re1 Nd4 21. Bxc5 Re6 22. Rxe6 Nxe6 23. Bd6 Ba6 24. h4 Re8 25. Ne3 Ng7 26. Be5 Nh5 27. Qh2 Bb7 28. Bc7 Qf6 29. Qd6 Qa1+ 30. Kh2 Bxf3 31. gxf3 Qe1 32. Ng4 Kh7 33. Qd5 Qe7 34. Bg3 f5 0-1

[Event "POR-chT 1st Divison 2018"]
[Site "Maia"]
[Date "2018.07.19"]
[Round "5"]
[White "Ribeiro, Fernando"]
[Black "Carneiro, Carlos"]
[Result "0-1"]
[ECO "B27"]
[WhiteElo "2165"]
[BlackElo "2094"]
[Annotator "NA RC"]
[PlyCount "32"]
[EventDate "2018.07.16"]
[EventType "team-tourn"]
[EventCountry "POR"]
[SourceTitle "playchess.com"]
[Source "ChessBase"]
[SourceQuality "1"]
[TimeControl "5400+30"]

1. e4 c5 2. Nf3 g6 3. d4 cxd4 4. Qxd4 Nf6 5. Qa4 Nc6 6. Nc3 Bg7 7. e5 Ng8 8. Bf4 f6 9. exf6 Nxf6 10. O-O-O O-O 11. Bc4+ Kh8 12. Ng5 $11 (12. Rhe1 $16) 12... Ng4 13. Bg3 Bh6 14. f4 e5 15. Bh4 Rxf4 16. Nf7+ Rxf7+ 0-1

[Event "POR-chT 1st Divison 2018"]
[Site "Maia"]
[Date "2018.07.20"]
[Round "6"]
[White "Ribeiro, Fernando"]
[Black "Turcer, Dusan"]
[Result "1-0"]
[ECO "B31"]
[WhiteElo "2165"]
[BlackElo "2039"]
[Annotator "RC"]
[PlyCount "125"]
[EventDate "2018.07.16"]
[EventType "team-tourn"]
[EventCountry "POR"]
[SourceTitle "playchess.com"]
[Source "ChessBase"]
[SourceQuality "1"]
[TimeControl "5400+30"]

1. e4 c5 2. Nf3 Nc6 3. Bb5 g6 4. Bxc6 dxc6 5. d3 Bg7 6. Nc3 Nf6 7. h3 O-O 8. Be3 b6 9. Qd2 Re8 10. O-O e5 11. Nh2 Be6 12. f4 exf4 13. Bxf4 Nd7 14. Nf3 Nf8 15. Bh6 Bh8 16. Rae1 a5 17. a4 Ra7 18. e5 Bd5 19. Bg5 Qc8 20. Ne4 Bxe4 21. Rxe4 Bg7 22. Bf6 Bxf6 23. exf6 Rxe4 24. Qh6 Ne6 25. Ng5 Rh4 26. Qxh4 Nxg5 27. Qxg5 Qf8 28. Re1 h6 29. Qe3 Kh7 30. Qe8 Ra8 31. Qxc6 Rc8 32. Qxb6 Rb8 33. Qxa5 Rxb2 34. Qc3 Rb4 35. a5 h5 36. a6 Ra4 37. Ra1 Qe8 38. Rxa4 Qxa4 39. Qxc5 Qxa6 40. Qd4 Qe6 41. Kh2 Qc8 42. Qc4 Qb8+ 43. g3 Qa7 44. d4 g5 45. Qd3+ Kh6 46. Qd2 Kg6 47. d5 Kxf6 48. d6 h4 49. gxh4 gxh4 50. d7 Qc7+ 51. Kh1 Qd8 52. Qd6+ Kf5 53. c4 Kg5 54. Qe5+ Kg6 55. Qe8 Qf6 56. Qe4+ Kg7 57. Qd3 Qa1+ 58. Kg2 Qa8+ 59. Kf2 Qd8 60. Qd4+ Kg6 61. c5 Kf5 62. c6 Ke6 63. c7 {[%emt 0:02:26] Kd5} 1-0

[Event "POR-chT 1st Divison 2018"]
[Site "Maia"]
[Date "2018.07.20"]
[Round "7"]
[White "Santos Latasa, Jaime"]
[Black "Neves, Pedro"]
[Result "1-0"]
[ECO "C70"]
[WhiteElo "2576"]
[BlackElo "2236"]
[Annotator "ChessBase"]
[PlyCount "75"]
[EventDate "2018.07.16"]
[EventType "team-tourn"]
[EventCountry "POR"]
[SourceTitle "playchess.com"]
[Source "ChessBase"]
[SourceQuality "1"]
[TimeControl "5400+30"]

1. e4 e5 2. Nf3 Nc6 3. Bb5 a6 4. Ba4 Nge7 5. Nc3 g6 6. d4 exd4 7. Nd5 Nxd5 8. exd5 Qe7+ 9. Kf1 Ne5 10. Qxd4 f6 11. Bf4 Bg7 12. Re1 O-O 13. Nxe5 fxe5 14. Bxe5 d6 15. Bxg7 Qxg7 16. Qxg7+ Kxg7 17. f3 b5 18. Bb3 Bb7 19. Kf2 Rae8 20. Rxe8 Rxe8 21. Rd1 Kf6 22. a4 bxa4 23. Bxa4 Re5 24. c4 Bc8 25. Rd3 g5 26. Bd1 h6 27. Rb3 Ke7 28. Rb8 Bf5 29. Ra8 c6 30. Ra7+ Kd8 31. Rxa6 cxd5 32. Rxd6+ Kc7 33. Rxd5 Rxd5 34. cxd5 Kd6 35. Bb3 Kc5 36. Ke3 Bb1 37. Kd2 Bf5 38. Kc3 {[%emt 0:00:07] Kxd5} 1-0

[Event "POR-chT 1st Divison 2018"]
[Site "Maia"]
[Date "2018.07.20"]
[Round "7"]
[White "Asis Gargatagli, Hipolito"]
[Black "Cuenca Jimenez, Jose Fernando"]
[Result "0-1"]
[ECO "C77"]
[WhiteElo "2538"]
[BlackElo "2513"]
[Annotator "ChessBase"]
[PlyCount "64"]
[EventDate "2018.07.16"]
[EventType "team-tourn"]
[EventCountry "POR"]
[SourceTitle "playchess.com"]
[Source "ChessBase"]
[SourceQuality "1"]
[TimeControl "5400+30"]

1. e4 e5 2. Nf3 Nc6 3. Bb5 a6 4. Ba4 Nf6 5. d3 d6 6. c3 g6 7. O-O Bg7 8. Re1 O-O 9. Nbd2 b5 10. Bc2 Bb7 11. a4 b4 12. a5 Rb8 13. Nf1 d5 14. Bg5 h6 15. Bh4 dxe4 16. dxe4 Qxd1 17. Rexd1 Rfd8 18. Rxd8+ Nxd8 19. N1d2 Nc6 20. Nc4 Nd7 21. Rd1 Nc5 22. Rd5 b3 23. Bb1 Bf8 24. Bf6 Ba8 25. h4 Rb5 26. Nfxe5 Nxe5 27. Rxe5 Bc6 28. f4 Nd7 29. Bd8 Nxe5 30. Nxe5 Rxa5 31. Bd3 Bb5 32. c4 Be8 0-1

[Event "POR-chT 1st Divison 2018"]
[Site "Maia"]
[Date "2018.07.20"]
[Round "7"]
[White "Nagy, Gabor"]
[Black "Ribeiro, Fernando"]
[Result "1/2-1/2"]
[ECO "B56"]
[WhiteElo "2474"]
[BlackElo "2165"]
[Annotator "ChessBase"]
[PlyCount "106"]
[EventDate "2018.07.16"]
[EventType "team-tourn"]
[EventCountry "POR"]
[SourceTitle "playchess.com"]
[Source "ChessBase"]
[SourceQuality "1"]
[TimeControl "5400+30"]

1. e4 c5 2. Nf3 d6 3. d4 cxd4 4. Nxd4 Nf6 5. Nc3 e5 6. Bb5+ Bd7 7. Bxd7+ Nbxd7 8. Nf5 Qb6 9. O-O Rc8 10. a4 Rxc3 11. bxc3 Nxe4 12. Ne3 Nxc3 13. Qd3 Qd4 14. Qxd4 Ne2+ 15. Kh1 Nxd4 16. Ba3 Kd8 17. Rfd1 Kc7 18. Rd2 Nf6 19. f3 d5 20. Bb2 Bc5 21. Rad1 Kc6 22. Rd3 Re8 23. c3 e4 24. fxe4 Ne2 25. exd5+ Kd7 26. Nf5 Ng4 27. Rf3 Nf2+ 28. Rxf2 Bxf2 29. Rf1 Nf4 30. c4 g6 31. Bd4 Bxd4 32. Nxd4 Re4 33. Nf3 f6 34. g3 Nd3 35. Nd2 Re2 36. Nb3 Nf2+ 37. Kg2 Nd3+ 38. Kg1 f5 39. Rd1 Nb2 40. Nc5+ Kc8 41. Rc1 b6 42. Ne6 Nxa4 43. Ra1 Nc5 44. Nxc5 bxc5 45. Ra5 Rc2 46. Rxc5+ Kd7 47. h4 h6 48. Ra5 Rxc4 49. Rxa7+ Ke8 50. Kf2 h5 51. Rg7 Rg4 52. d6 f4 53. gxf4 Rxf4+ 1/2-1/2

[Event "POR-chT 1st Divison 2018"]
[Site "Maia"]
[Date "2018.07.20"]
[Round "7"]
[White "Vassallo Barroche, Mauricio"]
[Black "Martinez Duany, Lelys Stanley"]
[Result "1/2-1/2"]
[ECO "A48"]
[WhiteElo "2386"]
[BlackElo "2528"]
[Annotator "ChessBase"]
[PlyCount "83"]
[EventDate "2018.07.16"]
[EventType "team-tourn"]
[EventCountry "POR"]
[SourceTitle "playchess.com"]
[Source "ChessBase"]
[SourceQuality "1"]
[TimeControl "5400+30"]

1. d4 Nf6 2. Nf3 g6 3. Bg5 Bg7 4. c3 d5 5. Nbd2 Nbd7 6. e3 c5 7. Be2 O-O 8. O-O b6 9. a4 a6 10. h3 Bb7 11. Qb3 Re8 12. Bf4 c4 13. Qc2 b5 14. Ne5 Nxe5 15. Bxe5 Qb6 16. b3 Qc6 17. Bf3 Ne4 18. bxc4 Bxe5 19. cxd5 Qxc3 20. Bxe4 Qxc2 21. Bxc2 Bd6 22. axb5 axb5 23. Bb3 f5 24. g3 Kg7 25. Nf3 Rec8 26. Ng5 b4 27. Ne6+ Kf6 28. Rxa8 Rxa8 29. Nc5 Bc8 30. Rb1 g5 31. f4 Ra3 32. Kf2 Ba6 33. h4 gxh4 34. gxh4 Bb5 35. Kf3 Be8 36. Bc4 Rc3 37. Rxb4 Bh5+ 38. Kf2 Rc2+ 39. Kg3 Rc3 40. Kf2 Rc2+ 41. Kg3 Rc3 42. Kf2 {[%emt 0:00:50] Ke5} 1/2-1/2

[Event "POR-chT 1st Divison 2018"]
[Site "Maia"]
[Date "2018.07.20"]
[Round "7"]
[White "Lombaers, Peter"]
[Black "Kantans, Toms"]
[Result "0-1"]
[ECO "A37"]
[WhiteElo "2361"]
[BlackElo "2529"]
[Annotator "RC"]
[PlyCount "70"]
[EventDate "2018.07.16"]
[EventType "team-tourn"]
[EventCountry "POR"]
[SourceTitle "playchess.com"]
[Source "ChessBase"]
[SourceQuality "1"]
[TimeControl "5400+30"]

1. c4 c5 2. g3 Nc6 3. Bg2 g6 4. Nc3 Bg7 5. Nf3 d6 6. O-O e6 7. a3 Nge7 8. Rb1 O-O 9. b4 b6 10. e3 Bb7 11. Qc2 Rc8 12. d3 Qd7 13. Qb3 Rfd8 14. Bb2 h6 15. Rfd1 Nf5 16. Ne4 e5 17. Nc3 Nfe7 18. Nd5 Nxd5 19. cxd5 Ne7 20. e4 Ba6 21. a4 cxb4 22. Bf1 f5 23. Bh3 Qe8 24. Qxb4 Rc5 25. d4 Rc4 26. Qe1 Rxa4 27. Ra1 Bc8 28. exf5 Rxa1 29. Rxa1 Bxf5 30. Bxf5 Nxf5 31. dxe5 Qb5 32. Qd2 dxe5 33. Rxa7 Qxd5 34. Qxd5+ Rxd5 35. Kg2 e4 0-1

[Event "POR-chT 1st Divison 2018"]
[Site "Maia"]
[Date "2018.07.20"]
[Round "7"]
[White "Marchena Hurtado, Javier"]
[Black "Reis, Luis Sousa"]
[Result "1-0"]
[ECO "C04"]
[WhiteElo "2354"]
[BlackElo "2150"]
[Annotator "NA"]
[PlyCount "95"]
[EventDate "2018.07.16"]
[EventType "team-tourn"]
[EventCountry "POR"]
[SourceTitle "playchess.com"]
[Source "ChessBase"]
[SourceQuality "1"]
[TimeControl "5400+30"]

1. e4 e6 2. d4 d5 3. Nd2 Nc6 4. Ngf3 Nf6 5. e5 Nd7 6. Bb5 Be7 7. O-O O-O 8. c4 dxc4 9. Nxc4 Nb4 10. Ne3 Nb6 11. a3 N4d5 12. Bd3 Bd7 13. Ng4 a6 14. Qe2 Bb5 15. Bxb5 axb5 16. Qxb5 Qe8 17. Qd3 Qc6 18. Bg5 Rfd8 19. Rac1 Qd7 20. Rfd1 Ra4 21. h4 h6 22. Bxe7 Nxe7 23. Ne3 Nc6 24. Rc5 Ne7 25. g3 Ned5 26. Nxd5 Nxd5 27. Kg2 Ne7 28. Qc2 Nd5 29. Rc1 Rda8 30. Qb3 c6 31. R5c4 Rxc4 32. Rxc4 Rd8 33. Qc2 Ne7 34. h5 Nf5 35. g4 Ne7 36. Kg3 Nd5 37. Qb3 Ra8 38. Ra4 Rxa4 39. Qxa4 Qc7 40. Qa8+ Kh7 41. g5 Ne7 42. Qe8 Nf5+ 43. Kg4 g6 44. hxg6+ fxg6 45. gxh6 Nxh6+ 46. Kf4 Nf7 47. Qxe6 Qb6 48. Qxf7+ 1-0

[Event "POR-chT 1st Divison 2018"]
[Site "Maia"]
[Date "2018.07.20"]
[Round "7"]
[White "Andrade, Jose Manuel Vieira"]
[Black "Alshameary Puente, Ismael"]
[Result "0-1"]
[ECO "B21"]
[WhiteElo "2204"]
[BlackElo "2352"]
[Annotator "NA"]
[PlyCount "85"]
[EventDate "2018.07.16"]
[EventType "team-tourn"]
[EventCountry "POR"]
[SourceTitle "playchess.com"]
[Source "ChessBase"]
[SourceQuality "1"]
[TimeControl "5400+30"]

1. e4 c5 2. d4 cxd4 3. c3 dxc3 4. Nxc3 Nc6 5. Nf3 e6 6. Bc4 a6 7. O-O b5 8. Bb3 Na5 9. Bc2 Ne7 10. Qe2 Bb7 11. Rd1 Ng6 12. Ng5 Be7 13. Qh5 Qc7 14. a3 Nc4 15. Bb3 Qe5 16. Bxc4 bxc4 17. Be3 Bxg5 18. Qxg5 Qxg5 19. Bxg5 Bc6 20. Rd4 Ne5 21. Bf4 Nd3 22. Bd6 Nxb2 23. Rb1 Nd3 24. Rxc4 f6 25. f4 Kf7 26. Rd4 Nxf4 27. Bxf4 e5 28. Bxe5 fxe5 29. Rd6 Rab8 30. Rbd1 Rb3 31. Nd5 Rxa3 32. Rf1+ Ke8 33. Rb1 Rf8 34. Nb4 Bb5 35. Rd5 Rb3 36. Rdd1 Rxb1 37. Rxb1 Rf4 38. Re1 Bc6 39. Nxc6 dxc6 40. Ra1 Rxe4 41. Rxa6 Rc4 42. Ra7 Kf8 43. Kf2 0-1

[Event "POR-chT 1st Divison 2018"]
[Site "Maia"]
[Date "2018.07.20"]
[Round "7"]
[White "Cruz, Jorge Filipe Egas D"]
[Black "Padeiro, Jose"]
[Result "1/2-1/2"]
[ECO "B17"]
[WhiteElo "2159"]
[BlackElo "2284"]
[Annotator "NA"]
[PlyCount "60"]
[EventDate "2018.07.16"]
[EventType "team-tourn"]
[EventCountry "POR"]
[SourceTitle "playchess.com"]
[Source "ChessBase"]
[SourceQuality "1"]
[TimeControl "5400+30"]

1. e4 c6 2. d4 d5 3. Nc3 dxe4 4. Nxe4 Nd7 5. Ng5 Ngf6 6. Bd3 h6 7. Ne6 Qb6 8. Nxf8 Nxf8 9. c3 Bg4 10. Qb3 Bh5 11. Ne2 Bg6 12. Nf4 Bxd3 13. Nxd3 N8d7 14. O-O O-O 15. Re1 e6 16. Bf4 Rfe8 17. Rad1 Rac8 18. Qc2 Qa5 19. b3 Qf5 20. Re2 c5 21. dxc5 e5 22. Be3 e4 23. Nb2 Ne5 24. h3 Nf3+ 25. Kh1 Qe5 26. gxf3 exf3 27. Ree1 Qh5 28. Kh2 Qe5+ 29. Kh1 Qh5 30. Kh2 Qe5+ 1/2-1/2

[Event "POR-chT 1st Divison 2018"]
[Site "Maia"]
[Date "2018.07.21"]
[Round "8"]
[White "Gargatagli, Hipolito Asis"]
[Black "Zelbel, Patrick"]
[Result "1/2-1/2"]
[ECO "B04"]
[WhiteElo "2538"]
[BlackElo "2418"]
[Annotator "RC"]
[PlyCount "24"]
[EventDate "2018.07.16"]
[EventType "team-tourn"]
[EventCountry "POR"]
[SourceTitle "playchess.com"]
[Source "ChessBase"]
[SourceQuality "1"]
[TimeControl "5400+30"]

1. e4 Nf6 2. e5 Nd5 3. d4 d6 4. Nf3 g6 5. Bc4 Nb6 6. Bb3 Bg7 7. O-O O-O 8. exd6 cxd6 9. h3 Nc6 10. d5 Na5 11. Nc3 Re8 12. Re1 a6 1/2-1/2

[Event "POR-chT 1st Divison 2018"]
[Site "Maia"]
[Date "2018.07.21"]
[Round "8"]
[White "Padeiro, Jose"]
[Black "Romano, Luis Miguel Pereira"]
[Result "0-1"]
[ECO "A14"]
[WhiteElo "2284"]
[BlackElo "2083"]
[Annotator "NA"]
[PlyCount "128"]
[EventDate "2018.07.16"]
[EventType "team-tourn"]
[EventCountry "POR"]
[SourceTitle "playchess.com"]
[Source "ChessBase"]
[SourceQuality "1"]
[TimeControl "5400+30"]

1. Nf3 d5 2. c4 e6 3. g3 Nf6 4. Bg2 Be7 5. O-O O-O 6. d4 c6 7. Qc2 b6 8. Nbd2 Bb7 9. e4 Na6 10. e5 Nd7 11. a3 c5 12. dxc5 Naxc5 13. b4 Na6 14. cxd5 Bxd5 15. Bb2 Qc8 16. Qb1 Qb7 17. Re1 Rac8 18. Ne4 Rfd8 19. Bf1 Nab8 20. Nfg5 Nf8 21. Nh3 Ng6 22. Nf4 Nxf4 23. gxf4 a5 24. bxa5 bxa5 25. Ng3 Bc5 26. Bc1 Qa7 27. Be3 Bxe3 28. fxe3 Nd7 29. Qb2 Nc5 30. Rad1 Qe7 31. e4 Ba8 32. Rxd8+ Qxd8 33. Qf2 Nd3 34. Bxd3 Qxd3 35. Qe3 Qc4 36. Rd1 g6 37. f5 exf5 38. Nxf5 Qe6 39. Nh6+ Kg7 40. Rf1 Rc7 41. Qf3 Qb6+ 42. Rf2 Qb1+ 43. Rf1 Qxe4 44. Qxe4 Bxe4 45. Ng4 Rc2 46. Rf4 Bc6 47. e6 fxe6 48. Ne5 Bd5 49. Rf7+ Kg8 50. Ra7 Rg2+ 51. Kf1 Rxh2 52. Ng4 Rh4 53. Nf6+ Kh8 54. Ke2 Be4 55. Ke3 Bf5 56. Rxa5 Kg7 57. Ne8+ Kf7 58. Ra8 h5 59. a4 Rh3+ 60. Kf4 e5+ 61. Kg5 Rg3+ 62. Kh6 h4 63. Nd6+ Ke6 64. Nc4 h3 0-1